 Dungeon Crawl Stone Soup version 0.23-b1-3-gdda8187c6f (webtiles) character file.

Game seed: 15981345588450350926

37 Peloso the Covered (level 3, 0/33 HPs)
             Began as a Minotaur Fighter on Feb 1, 2019.
             Slain by a ball python (1 damage)
             ... on level 1 of the Dungeon.
             The game lasted 00:01:19 (864 turns).

Peloso the Covered (Minotaur Fighter)                Turns: 864, Time: 00:01:20

Health: 0/33       AC:  7    Str: 20    XL:     3   Next: 21%
Magic:  2/2        EV:  4    Int:  5    God:
Gold:   63         SH:  9    Dex: 10    Spells: 2/2 levels left

rFire    . . .     SeeInvis .   a - +0 long sword
rCold    . . .     Gourm    .   c - +0 shield
rNeg     . . .     Faith    .   b - +0 scale mail
rPois    .         Spirit   .   (helmet restricted)
rElec    .         Reflect  .   (no cloak)
rCorr    .         Harm     .   (no gloves)
MR       .....                  (no boots)
Stlth    ..........             (no amulet)
HPRegen  0.11/turn              (no ring)
MPRegen  0.08/turn              (no ring)

@: constricted
A: retaliatory headbutt, horns 2
a: no special abilities


You were on level 1 of the Dungeon.
You were not hungry.

You visited 1 branch of the dungeon, and saw 2 of its levels.

You collected 63 gold pieces.

Inventory:

Hand Weapons
 a - a +0 long sword (weapon)
Armour
 b - a +0 scale mail (worn)
 c - a +0 shield (worn)
Jewellery
 i - an uncursed ring of see invisible {unknown}
Scrolls
 e - 4 scrolls of identify {unknown}
 g - 2 scrolls of magic mapping {unknown}
 h - a scroll of enchant weapon {unknown}
 l - 2 scrolls of remove curse {unknown}
 m - a scroll of amnesia {unknown}
 n - a scroll of teleportation {unknown}
Potions
 d - a potion of might
 j - a potion of magic {unknown}
 k - a potion of curing {unknown}
 o - a potion of haste {unknown}
 p - a potion of agility {unknown}
Comestibles
 f - 3 rations


   Skills:
 + Level 4.0 Fighting
 + Level 2.8 Long Blades
 + Level 4.2 Armour
 + Level 4.2 Shields


You had 2 spell levels left.
You didn't know any spells.
Your spell library was empty.

Dungeon Overview and Level Annotations

Branches:
Dungeon (2/15)

Altars:
Kikubaaqudgha


Innate Abilities, Weirdness & Mutations

You reflexively headbutt those who attack you in melee.
You have a pair of horns on your head.


Message History

There is a stone staircase leading up here.
The ball python misses you. The ball python grabs you.
You stop ascending the stairs.
The ball python constricts you.
Unknown command.
You escape the ball python's grasp.
You climb upwards.
There is a stone staircase leading down here.
You hit the ball python.
The ball python is severely wounded.
The ball python bites you but does no damage.
The ball python barely misses you.
The ball python bites you but does no damage.
The ball python grabs you.
* * * LOW HITPOINT WARNING * * *
The ball python constricts you.
Unknown command.
Your shield prevents you from hitting the ball python.
The ball python is severely wounded.
The ball python bites you.
You die...

⌠.....⌠....⌠..##.#
..............##.#
...<....########.#
##...#### ###..#
##...## #.#..#
#..⌠..## ###....#
.......####.#.#..#
.⌠...⌠..##....#..#
...⌠.....#....#.@#####
.......###....#.S....#
###.####......#.####.#
#......##.....# #.#
#########..#### #.#
#.....#######.#
#.##.###......#
#.##.###.######
#####.##...#.#


You could see a ball python.

Vanquished Creatures
  An adder (D:2)
  A dart slug (D:1)
  A leopard gecko (D:1)
  2 goblins (D:1)
  3 hobgoblins
  4 jackals (D:1)
  A ball python (D:1)
  5 bats (D:1)
  A frilled lizard (D:1)
  A kobold (D:2)
  5 rats
25 creatures vanquished.

Notes
Turn   | Place    | Note
-------+----------+-------------------------------------------
     0 | D:1      | Peloso the Minotaur Fighter began the quest for the Orb.
     0 | D:1      | Reached XP level 1. HP: 19/19 MP: 0/0
   102 | D:1      | Reached XP level 2. HP: 27/27 MP: 1/1
   804 | D:2      | Found an ancient bone altar of Kikubaaqudgha.
   810 | D:2      | Reached XP level 3. HP: 33/33 MP: 2/2
   841 | D:2      | HP: 1/33 [worm (7)]
   849 | D:2      | HP: 1/33 [ball python (1)]
   857 | D:2      | HP: 1/33 [ball python (1)]
   863 | D:1      | HP: 1/33 [ball python (1)]
   864 | D:1      | Slain by a ball python

Skill      XL: |  1  2 |
---------------+-------+-----
Armour         | 4 |  4.2
Shields        | 4 |  4.2
Fighting       | 4 |  4.0
Long Blades    | |  2.8

Action                   || total
-------------------------++-------
Melee: Long sword        ||    52
       Headbutt          ||     5
Armor: Scale mail        ||    58
Dodge: Dodged            ||    34
Block: Shield            ||    54
       Rpst.: Long sword ||     7
